AoeStats
← Barón de la Cerveza

Arena

504596441Analyzed
1v1 RM · 28d ago on Sep 5, 2026· 44m 16s· 2 players
Game mode
Random Map
Map size
Tiny (2 player)
Population
200
Speed
Normal
Resources
Standard
Victory
Conquest
Starting age
Dark Age
Ending age
Imperial Age
RankedLock teamsTeams togetherTeam positionsShared explorationLock speedFull tech treeHidden civsTurbo modeCheats
Victory
Defeat
🇲🇽 Dravidians · Mexico
1824
+13
🇩🇪 Koreans · Germany
1752
-13
Sultan Mehmet
11:39 Feudal Age
15:41 Castle Age
13:49 Horse Collar
14:13 Double-Bit Axe
14:51 Gold Mining
16:31 Bow Saw
16:30 Loom
19:41 Fletching
20:57 Bodkin Arrow
25:36 Devotion
31:00 Imperial Age
32:40 Bracer
35:18 Chemistry
36:08 Ballistics
38:44 Husbandry
42:12 Wheelbarrow
42:57 Fortified Wall
Barón de la Cerveza
11:00 Feudal Age
14:32 Castle Age
12:37 Horse Collar
14:22 Double-Bit Axe
15:42 Bow Saw
16:41 Heavy Plow
21:22 Town Watch
21:23 Loom
21:36 Pikeman
26:40 Scale Mail Armor
27:04 Sanctity
30:50 Imperial Age
30:13 Chain Mail Armor
32:28 Fletching
33:54 Plate Mail Armor
33:48 Squires
34:00 Forging
34:00 Halberdier
36:52 Iron Casting
37:11 Wheelbarrow
38:35 Blast Furnace
37:59 Conscription
38:11 Block Printing
40:34 Hand Cart
40:20 Gold Mining
40:20 Stone Mining
39:55 Elite Skirmisher
40:40 Thumb Ring
41:53 Two-Man Saw
41:03 Bodkin Arrow
42:05 Bracer
42:06 Padded Archer Armor
42:56 Ballistics
43:37 Chemistry
42:50 Elite Elephant Archer
44:13 Leather Archer Armor
Connection lost

Rejoining the realm…

Still unreachable

The connection could not be restored.

Session expired

The server has moved on; the page needs a fresh start.